 Dungeon Crawl Stone Soup version 0.27.0-1-g7a089689b8 (webtiles) character file.

Game seed: 8806903557925888962

347 wakim the Ducker (level 6, -9/51 HPs)
             Began as a Gnoll Gladiator on Aug 14, 2021.
             Mangled by a wyvern (14 damage)
             ... on level 4 of the Dungeon.
             The game lasted 00:11:23 (4020 turns).

wakim the Ducker (Gnoll Gladiator)                  Turns: 4020, Time: 00:11:23

Health: -9/51      AC:  4    Str: 13    XL:     6   Next: 59%
Magic:  9/9        EV: 14    Int:  9    God:
Gold:   275        SH:  0    Dex: 14    Spells: 7/9 levels left

rFire    . . .     SeeInvis .   b - +1 lajatang (elec)
rCold    . . .     Faith    .   (shield currently unavailable)
rNeg     . . .     Spirit   .   i - +0 leather armour
rPois    .         Reflect  .   c - +0 helmet
rElec    .         Harm     .   (no cloak)
rCorr    .         Rampage  .   (no gloves)
Will     .....                  (no boots)
Stlth    ++........             (no amulet)
HPRegen  0.17/turn              (no ring)
MPRegen  0.11/turn              (no ring)

@: no status effects
A: fangs 1, strong nose, distributed training
a: no special abilities


You were on level 4 of the Dungeon.
You visited 1 branch of the dungeon, and saw 4 of its levels.

You collected 275 gold pieces.

Inventory:

Hand Weapons
 a - a +0 hunting sling
 b - a +1 lajatang of electrocution (weapon)
Missiles
 e - 12 poisoned darts
 f - 61 sling bullets
 k - 4 throwing nets {=f!f}
 s - 107 stones (quivered)
Armour
 c - a +0 helmet (worn)
 i - a +0 leather armour (worn)
 j - a +0 plate armour
Wands
 w - a wand of acid (10)
Scrolls
 l - a scroll of brand weapon
 r - 2 scrolls of identify
 T - a scroll of teleportation
 X - a scroll of fog
Potions
 d - a potion of magic {unknown}
 g - a potion of curing {unknown}
 h - a potion of resistance {unknown}
 E - a potion of cancellation
 L - a potion of lignification {!q}


   Skills:
 + Level 5.0 Fighting
 + Level 2.0 Short Blades
 + Level 2.0 Long Blades
 + Level 2.0 Axes
 + Level 2.0 Maces & Flails
 + Level 2.0 Polearms
 + Level 6.8 Staves
 + Level 2.0 Slings
 + Level 2.0 Bows
 + Level 2.0 Crossbows
 + Level 5.0 Throwing
 + Level 2.0 Armour
 + Level 6.8 Dodging
 + Level 2.0 Stealth
 + Level 2.0 Shields
 + Level 2.0 Unarmed Combat
 + Level 2.0 Spellcasting
 + Level 1.6 Conjurations
 + Level 1.6 Hexes
 + Level 1.6 Summonings
 + Level 1.6 Necromancy
 + Level 1.6 Translocations
 + Level 1.6 Transmutations
 + Level 1.6 Fire Magic
 + Level 1.6 Ice Magic
 + Level 1.6 Air Magic
 + Level 1.6 Earth Magic
 + Level 1.6 Poison Magic
 + Level 2.2 Invocations
 + Level 2.0 Evocations


You had 7 spell levels left.
You knew the following spells:

 Your Spells              Type           Power      Damage    Failure   Level
B - Blink                 Tloc           N/A        N/A       32%         2

Your spell library contained the following spells:

 Spells                   Type           Power      Damage    Failure   Level
 Conjure Flame            Conj/Fire      3%         6-21      54%         3
 Ignite Poison            Fire/Tmut/Pois 3%         N/A       54%         3
 Lesser Beckoning         Tloc           1%         N/A       54%         3
 Sticky Flame             Conj/Fire      3%         2d3       91%         4
 Manifold Assault         Tloc           3%         N/A       99%         5


Dungeon Overview and Level Annotations

Branches:
Dungeon (4/15)
 Temple: D:4-7

Altars:
Hepliaklqana
Sif Muna


Innate Abilities, Weirdness & Mutations

You have very sharp teeth.
Your uncanny sense of smell can sniff out nearby items.
Your experience applies equally to all skills.


Message History

Confirm with . or Enter, or press ? or * to list all spells.
You miscast Blink.
You are very lightly contaminated with residual magic.
Nothing appears to happen.
The phantom hits you.
The kobold shouts!
Casting: Blink (dangerous; 32% risk of failure)
Confirm with . or Enter, or press ? or * to list all spells.
Okay, then.
Your magical contamination has completely faded away.
The phantom hits you!
You see here a stone.
You see here 2 stones.
The phantom barely misses you.
Things that are here:
a +0 club; 17 gold pieces; 3 stones The wyvern hisses menacingly.
Things that are here:
a +0 hand axe; a +0 leather armour The wyvern bites you.
The wyvern bites you!
* * * LOW HITPOINT WARNING * * *
The wyvern bites you!
* * * LOW HITPOINT WARNING * * *
Okay, then.
You barely miss the wyvern. The wyvern barely misses you. x2
You slash the wyvern! Lightning courses through the wyvern!
You bite the wyvern, but do no damage.
The wyvern is heavily wounded.
The wyvern barely misses you.
You hit the wyvern but do no damage.
The wyvern is heavily wounded.
The wyvern bites you!
* * * LOW HITPOINT WARNING * * *
The wyvern misses you.
Okay, then.
Okay, then.
You barely miss the wyvern.
The wyvern is heavily wounded.
The wyvern bites you!
You die...

##########..)....##.# #.#
)...K....#.....#.##.# #.#
########.#.....#.##.# #.#
#...K........# #.#
###########.#### #.# ##.##
#K# #.# ##...## #W# #.#
####.....#### #l##### #.#
............# #@#...###.#
.###.....##.####.#.#.....#
..[...).........<#...#####
...###.####.######...###
...###.# #.####.......#
.......# #............#
...##### #.####.......#
...########.# ###...###
............# #...#


You could see a phantom, a wyvern and a kobold.

Vanquished Creatures
  Menkaure (D:4)
  A centaur skeleton (D:4)
  An orc wizard (D:4)
  8 adders
  An adder skeleton (D:4)
  2 dart slugs
  11 orcs
  10 ball pythons
  6 endoplasms
  4 giant cockroaches
  6 goblins
  5 hobgoblins
  6 jackals
  6 kobolds
  A quokka (D:1)
  2 bats
  4 frilled lizards
  4 rats
79 creatures vanquished.

Vanquished Creatures (others)
  5 toadstools (D:3)
5 creatures vanquished.

Grand Total: 84 creatures vanquished

Notes
Turn   | Place    | Note
-------+----------+-------------------------------------------
     0 | D:1      | wakim the Gnoll Gladiator began the quest for the Orb.
     0 | D:1      | Reached XP level 1. HP: 20/20 MP: 1/1
   271 | D:1      | Reached XP level 2. HP: 26/26 MP: 2/2
   664 | D:1      | Reached XP level 3. HP: 26/31 MP: 3/3
   760 | D:1      | Learned a level 2 spell: Blink
   901 | D:2      | Identified a scroll of acquirement
   901 | D:2      | Acquired a +0 lajatang of electrocution
  1221 | D:2      | Reached skill level 1 in Invocations
  1640 | D:2      | Found a shimmering blue altar of Sif Muna.
  1944 | D:3      | Reached skill level 1 in Short Blades
  1944 | D:3      | Reached skill level 1 in Long Blades
  1944 | D:3      | Reached skill level 1 in Axes
  1944 | D:3      | Reached skill level 1 in Maces & Flails
  1944 | D:3      | Reached skill level 1 in Polearms
  1944 | D:3      | Reached skill level 1 in Slings
  1944 | D:3      | Reached skill level 1 in Bows
  1944 | D:3      | Reached skill level 1 in Crossbows
  1944 | D:3      | Reached skill level 1 in Armour
  1944 | D:3      | Reached skill level 1 in Stealth
  1944 | D:3      | Reached skill level 1 in Shields
  1944 | D:3      | Reached skill level 1 in Unarmed Combat
  1944 | D:3      | Reached skill level 1 in Spellcasting
  1944 | D:3      | Reached skill level 1 in Evocations
  1971 | D:3      | Reached XP level 4. HP: 37/38 MP: 5/5
  2119 | D:3      | Found a faded altar of an unknown god.
  2468 | D:3      | Reached skill level 1 in Conjurations
  2468 | D:3      | Reached skill level 1 in Hexes
  2468 | D:3      | Reached skill level 1 in Summonings
  2468 | D:3      | Reached skill level 1 in Necromancy
  2468 | D:3      | Reached skill level 1 in Translocations
  2468 | D:3      | Reached skill level 1 in Transmutations
  2468 | D:3      | Reached skill level 1 in Fire Magic
  2468 | D:3      | Reached skill level 1 in Ice Magic
  2468 | D:3      | Reached skill level 1 in Air Magic
  2468 | D:3      | Reached skill level 1 in Earth Magic
  2468 | D:3      | Reached skill level 1 in Poison Magic
  3088 | D:3      | Reached XP level 5. HP: 43/43 MP: 5/7
  3455 | D:4      | Noticed Menkaure
  3458 | D:4      | Killed Menkaure
  3459 | D:4      | Reached skill level 5 in Fighting
  3459 | D:4      | Reached skill level 5 in Throwing
  3459 | D:4      | Reached XP level 6. HP: 22/51 MP: 8/8
  3976 | D:4      | Found a hazy altar of Hepliaklqana.
  3979 | D:4      | Noticed a wyvern
  4020 | D:4      | Mangled by a wyvern

Illustrated notes

Levels and vault maps discovered:
D:1:      tarquinn_simple_flora_water_e, layout_loops_cross, bh_walls_and_bars
D:2:      layout_loops_ring, basic_altar
D:3:      layout_basic, chequers_ecumenical_altar_twisty,
          minmay_gold_behind_fungi, minmay_snake_closets
D:4:      layout_loops_ring, mainiacjoe_overflow_alcove_2, zin_scriptorium,
          minmay_between, uniq_menkaure

Skill      XL: |  1  2  3  4  5  6 |
---------------+-------------------+-----
Invocations    | 1 2 |  2.2
Short Blades   | 1 2 |  2.0
Long Blades    | 1 2 |  2.0
Axes           | 1 2 |  2.0
Maces & Flails | 1 2 |  2.0
Polearms       | 1 2 |  2.0
Slings         | 1 2 |  2.0
Bows           | 1 2 |  2.0
Crossbows      | 1 2 |  2.0
Armour         | 1 2 |  2.0
Stealth        | 1 2 |  2.0
Shields        | 1 2 |  2.0
Unarmed Combat | 1 2 |  2.0
Spellcasting   | 1 2 |  2.0
Evocations     | 1 2 |  2.0
Conjurations   | 1 |  1.6
Hexes          | 1 |  1.6
Summonings     | 1 |  1.6
Necromancy     | 1 |  1.6
Translocations | 1 |  1.6
Transmutations | 1 |  1.6
Fire Magic     | 1 |  1.6
Ice Magic      | 1 |  1.6
Air Magic      | 1 |  1.6
Earth Magic    | 1 |  1.6
Poison Magic   | 1 |  1.6
Fighting       | 5 |  5.0
Throwing       | 5 |  5.0
Staves         | |  6.8
Dodging        | |  6.8

Action                   |  1- 3 |  4- 6 || total
-------------------------+-------+-------++-------
Melee: Quarterstaff      |    42 |       ||    42
       Bite              |     5 |     7 ||    12
       Lajatang          |    30 |    92 ||   122
 Fire: Hunting sling     |     4 |     6 ||    10
Throw: Stone             |    40 |    61 ||   101
  Use: Scroll            |     6 |     5 ||    11
 Stab: Sleeping          |     1 |     4 ||     5
Armor: Leather armour    |    15 |    14 ||    29
Dodge: Dodged            |    47 |    70 ||   117
